 Dungeon Crawl Stone Soup version 0.28-a0-1395-g4f6bc678fa (webtiles) character file.

Game seed: 6232917537541542212

182 eustatius the Poker (level 5, 0/47 HPs)
             Began as a Gnoll Cinder Acolyte on Jan 4, 2022.
             Was a High Priest of Ignis.
             Slain by a hound (1 damage)
             ... on level 4 of the Dungeon.
             The game lasted 00:09:48 (3507 turns).

eustatius the Poker (Gnoll Cinder Acolyte)          Turns: 3507, Time: 00:09:49

Health: 0/47       AC:  6    Str: 16    XL:     5   Next: 61%
Magic:  1/9        EV: 11    Int: 13    God:    Ignis [*****.]
Gold:   136        SH:  0    Dex:  7    Spells: 6/10 levels left

rFire   + . .      SeeInvis .   a - -1 spear (flame)
rCold   . . .      Faith    .   (no shield)
rNeg    . . .      Spirit   .   b - +0 robe
rPois   .          Reflect  .   (no helmet)
rElec   .          Harm     .   (no cloak)
rCorr   .          Rampage  .   (no gloves)
Will    .....                   (no boots)
Stlth   +.........              (no amulet)
HPRegen 0.15/turn               d - +4 ring of protection
MPRegen 0.11/turn               (no ring)

@: no status effects
A: fangs 1, strong nose, distributed training
a: Renounce Religion, Fiery Armour, Foxfire Swarm, Rising Flame


You were on level 4 of the Dungeon.
You worshipped Ignis.
Ignis was extremely pleased with you.
You visited 1 branch of the dungeon, and saw 4 of its levels.

You collected 136 gold pieces.

Inventory:

Hand Weapons
 a - a -1 spear of flaming (weapon)
 f - a +0 mace
Missiles
 c - 19 poisoned darts
 n - 5 large rocks
Armour
 b - a +0 robe (worn)
Jewellery
 d - a +4 ring of protection (left hand)
Wands
 l - a wand of flame (19) (quivered)
Scrolls
 h - 3 scrolls of identify {unknown}
 k - 4 scrolls of teleportation {unknown}
 o - a scroll of enchant weapon {unknown}
 q - a scroll of brand weapon {unknown}
Potions
 e - a potion of brilliance {unknown}
 g - 2 potions of resistance {unknown}
 i - 2 potions of curing
 j - a potion of ambrosia {unknown}
 m - a potion of haste {unknown}
 p - a potion of cancellation {unknown}
 r - a potion of invisibility {unknown}


   Skills:
 + Level 6.7 Fighting
 + Level 1.5 Short Blades
 + Level 1.5 Long Blades
 + Level 1.5 Axes
 + Level 1.5 Maces & Flails
 + Level 6.7 Polearms
 + Level 1.5 Staves
 + Level 1.5 Slings
 + Level 1.5 Bows
 + Level 1.5 Crossbows
 + Level 1.5 Throwing
 + Level 1.5 Armour
 + Level 1.5 Dodging
 + Level 1.5 Stealth
 + Level 1.5 Shields
 + Level 1.5 Unarmed Combat
 + Level 3.2 Spellcasting
 + Level 1.2 Conjurations
 + Level 1.2 Hexes
 + Level 1.2 Summonings
 + Level 1.2 Necromancy
 + Level 1.2 Translocations
 + Level 1.2 Transmutations
 + Level 5.5 Fire Magic
 + Level 1.2 Ice Magic
 + Level 1.2 Air Magic
 + Level 1.2 Earth Magic
 + Level 1.2 Poison Magic
 + Level 1.7 Invocations
 + Level 1.5 Evocations


You had 6 spell levels left.
You knew the following spells:

 Your Spells              Type           Power      Damage    Failure   Level
a - Scorch                Fire           32%        2d6       3%          2
b - Static Discharge      Conj/Air       5%         N/A       21%         2

Your spell library contained the following spells:

 Spells                   Type           Power      Damage    Failure   Level
 Sticky Flame             Conj/Fire      10%        2d3       50%         4
 Dispel Undead            Necr           5%         3d7       80%         4


Dungeon Overview and Level Annotations

Branches:
Dungeon (4/15)
 Temple: D:4-7

Altars:
Qazlal
Xom
Yredelemnul

Shops:
D:1 *   D:3 (


Innate Abilities, Weirdness & Mutations

You have very sharp teeth.
Your uncanny sense of smell can sniff out nearby items.
Your experience applies equally to all skills.


Message History

The hound closely misses you. The hound closely misses you.
The hound bites you.
The hound bites you but does no damage. x2; The hound barely misses you.
The hound barely misses you. The hound bites you. The hound barely misses you.
The hound bites you. The hound bites you but does no damage.
The hound barely misses you. The hound bites you.
* * * LOW HITPOINT WARNING * * *
The hound barely misses you. The hound closely misses you.
Casting: Scorch (safe; 3% risk of failure)
Confirm with . or Enter, or press ? or * to list all spells.
Flames lash the hound.
The hound is almost dead.
The hound's fire resistance burns away.
The hound bites you but does no damage. The hound bites you.
* * * LOW HITPOINT WARNING * * *
You closely miss the hound.
The hound is almost dead.
You hit the hound but do no damage.
The hound is moderately wounded.
The hound bites you but does no damage. The hound barely misses you.
You hit the hound. You burn the hound.
The hound is heavily wounded.
The hound bites you.
* * * LOW HITPOINT WARNING * * *
The hound bites you.
* * * LOW HITPOINT WARNING * * *
The hound bites you.
* * * LOW HITPOINT WARNING * * *
You hit the hound. You burn the hound.
The hound is almost dead.
The hound barely misses you. The hound bites you but does no damage.
You hit the hound. You burn the hound.
You kill the hound!
The hound is no longer more vulnerable to fire.
The hound bites you.
You die...

#.....#
####.....#
.........##
#####.....#
#.....#
#######..##
..........#
...######†#####.#
.......@h.....#
......##.####.###
...... #.<.......
..... ##.###.###
..... #..# ....
##.# ....∆ .. ..#
..# ∆


You could see a hound.

Vanquished Creatures
  An ogre (D:3)
  A hound (D:4)
  4 adders
  An adder skeleton (D:3)
  A worm (D:3)
  A dart slug (D:1)
  5 bats
  An endoplasm (D:2)
  2 giant cockroaches
  3 goblins
  9 hobgoblins
  7 kobolds
  3 quokkas
  12 ball pythons
  2 frilled lizards
  7 rats
60 creatures vanquished.

Notes
Turn   | Place    | Note
-------+----------+-------------------------------------------
     0 | D:1      | eustatius the Gnoll Cinder Acolyte began the quest for the
                  | Orb.
     0 | D:1      | Reached XP level 1. HP: 23/23 MP: 4/4
   261 | D:1      | Reached XP level 2. HP: 29/29 MP: 5/5
   505 | D:1      | Found Rorpho Wikhlops's Assorted Antiques.
   666 | D:1      | Reached XP level 3. HP: 31/35 MP: 7/7
   847 | D:1      | Found a faded altar of an unknown god.
  1059 | D:1      | Learned a level 2 spell: Scorch
  1062 | D:1      | Learned a level 2 spell: Static Discharge
  1270 | D:2      | Found a basalt altar of Yredelemnul.
  1312 | D:2      | Reached skill level 1 in Invocations
  1571 | D:2      | Reached skill level 1 in Short Blades
  1571 | D:2      | Reached skill level 1 in Long Blades
  1571 | D:2      | Reached skill level 1 in Axes
  1571 | D:2      | Reached skill level 1 in Maces & Flails
  1571 | D:2      | Reached skill level 1 in Staves
  1571 | D:2      | Reached skill level 1 in Slings
  1571 | D:2      | Reached skill level 1 in Bows
  1571 | D:2      | Reached skill level 1 in Crossbows
  1571 | D:2      | Reached skill level 1 in Throwing
  1571 | D:2      | Reached skill level 1 in Armour
  1571 | D:2      | Reached skill level 1 in Dodging
  1571 | D:2      | Reached skill level 1 in Stealth
  1571 | D:2      | Reached skill level 1 in Shields
  1571 | D:2      | Reached skill level 1 in Unarmed Combat
  1571 | D:2      | Reached skill level 1 in Evocations
  1813 | D:3      | Found Wylo's Weapon Boutique.
  1822 | D:3      | Reached XP level 4. HP: 41/41 MP: 8/8
  2650 | D:3      | Reached skill level 1 in Conjurations
  2650 | D:3      | Reached skill level 1 in Hexes
  2650 | D:3      | Reached skill level 1 in Summonings
  2650 | D:3      | Reached skill level 1 in Necromancy
  2650 | D:3      | Reached skill level 1 in Translocations
  2650 | D:3      | Reached skill level 1 in Transmutations
  2650 | D:3      | Reached skill level 1 in Ice Magic
  2650 | D:3      | Reached skill level 1 in Air Magic
  2650 | D:3      | Reached skill level 1 in Earth Magic
  2650 | D:3      | Reached skill level 1 in Poison Magic
  2881 | D:3      | Noticed an ogre
  2944 | D:3      | Killed an ogre
  2945 | D:3      | Reached XP level 5. HP: 25/47 MP: 4/9
  3193 | D:3      | Found a shimmering altar of Xom.
  3193 | D:3      | Found a stormy altar of Qazlal.
  3505 | D:4      | HP: 2/47 [hound (1)]
  3507 | D:4      | Slain by a hound

Illustrated notes

Levels and vault maps discovered:
D:1:      psy_arrival_fountain, layout_loops_corners,
          hellmonk_ecumenical_altar_heavens_door, serial_shops,
          nicolae_shop_temple_entry_statues_fountains, st_stairs_3
D:2:      layout_rooms, basic_altar, st_stairs_3
D:3:      layout_basic, gammafunk_temple_overflow_wave, serial_shops,
          nicolae_shop_bloodbath_and_beyond
D:4:      layout_basic, mainiacjoe_overflow_six_doors_small, minmay_pentangle,
          uniq_robin

Skill      XL: |  1  2  3  4 |
---------------+-------------+-----
Invocations    | 1 |  1.7
Short Blades   | 1 |  1.5
Long Blades    | 1 |  1.5
Axes           | 1 |  1.5
Maces & Flails | 1 |  1.5
Staves         | 1 |  1.5
Slings         | 1 |  1.5
Bows           | 1 |  1.5
Crossbows      | 1 |  1.5
Throwing       | 1 |  1.5
Armour         | 1 |  1.5
Dodging        | 1 |  1.5
Stealth        | 1 |  1.5
Shields        | 1 |  1.5
Unarmed Combat | 1 |  1.5
Evocations     | 1 |  1.5
Spellcasting   | 3 |  3.2
Conjurations   | 1 |  1.2
Hexes          | 1 |  1.2
Summonings     | 1 |  1.2
Necromancy     | 1 |  1.2
Translocations | 1 |  1.2
Transmutations | 1 |  1.2
Ice Magic      | 1 |  1.2
Air Magic      | 1 |  1.2
Earth Magic    | 1 |  1.2
Poison Magic   | 1 |  1.2
Fighting       | |  6.7
Polearms       | |  6.7
Fire Magic     | |  5.5

Action                   |  1- 3 |  4- 6 || total
-------------------------+-------+-------++-------
Melee: Spear             |    99 |    15 ||   114
       Bite              |     5 |       ||     5
 Cast: Scorch            |    13 |    29 ||    42
Armor: Robe              |    49 |    21 ||    70
Dodge: Dodged            |    57 |    35 ||    92

Table legend: (Time is in decaauts)
 A = Elapsed time spent in this place.
 B = Non-inter-level travel time spent in this place.
 C = Inter-level travel time spent in this place.
 D = Time resting spent in this place.
 E = Time spent auto-exploring this place.
 F = Levels seen in this place.
 G = Mean time per level.
                   A        B        C        D        E       F      G
               +--------+--------+--------+--------+--------+-----+--------+
         Total |   3481 |   3382 |     99 |      0 |   2723 |   4 |  870.2 |
       Dungeon |   3481 |   3382 |     99 |      0 |   2723 |   4 |  870.2 |
               +--------+--------+--------+--------+--------+-----+--------+

Top non-repeatable levels by time:
     D:3: 1716 daAuts
     D:1: 1080 daAuts
     D:2: 631 daAuts
     D:4: 53 daAuts
